 Dungeon Crawl Stone Soup version 0.15-a0-462-gf669498 (webtiles) character file.

640 PolkaDot the Jinx (level 6, -1/41 HPs)
             Began as a Vampire Enchanter on May 7, 2014.
             Was an Initiate of Ashenzari.
             Slain by an adder (2 damage)
             ... on Level 4 of the Dungeon.
             The game lasted 00:12:00 (3084 turns).

PolkaDot the Jinx (Vampire Enchanter)               Turns: 3084, Time: 00:12:00

HP  -1/41        AC  5     Str  7      XL: 6   Next: 94%
MP   4/10        EV 12     Int 17      God: Ashenzari [......]
Gold 141         SH 10     Dex 17      Spells:  2 memorised,  6 levels left

rFire  . . .     SeeInvis +     a - +2,+1 dagger
rCold  + + .     Clarity  .     b - +1 robe
rNeg   + + +     Conserve .     g - +2 buckler of Ydeutof {+Blink MR++ Dex+1 Acc-3}
rPois  +         rCorr    .     (no helmet)
rElec  .         rRot     +     x - +1 cloak {+Inv}
SustAb . .       Spirit   .     (no gloves)
rMut   .         Warding  .     (no boots)
Saprov . . .     Stasis   .     (no amulet)
MR     ++...                    s - cursed ring of wizardry
                                m - cursed ring of wizardry

@: non-regenerating, very resistant to hostile enchantments, stealthy
A: bottle blood, fangs 3, see invisible, unbreathing
a: Bat Form, Bottle Blood, Renounce Religion, Evoke Blink, Evoke Invisibility


You were on level 4 of the Dungeon.
You worshipped Ashenzari.
Ashenzari was noncommittal.
You were bloodless.

You visited 1 branch of the dungeon, and saw 4 of its levels.

You collected 141 gold pieces.

Inventory:

Hand weapons
 a - a +2,+1 dagger (weapon)
Missiles
 d - 10 darts (quivered)
Armour
 b - a +1 robe (worn)
 g - the +2 buckler of Ydeutof (worn) {+Blink MR++ Dex+1 Acc-3}
   (You found it on level 4 of the Dungeon)

   It affects your dexterity (+1).
   It affects your accuracy with ranged weapons and melee attacks (-3).
   It affects your resistance to hostile enchantments.
   It lets you blink.
 x - a +1 cloak of darkness (worn)
Scrolls
 e - a scroll of remove curse
 f - a scroll of amnesia {unknown}
 j - 7 scrolls of curse armour
 k - a scroll of magic mapping
 o - 2 scrolls of immolation
 p - a scroll of enchant armour {unknown}
 r - a scroll of enchant weapon I
 u - a scroll of recharging {unknown}
 v - a scroll of teleportation {unknown}
 w - a scroll of blinking {unknown}
Jewellery
 m - a cursed ring of wizardry (left hand)
 s - a cursed ring of wizardry (right hand)
Potions
 h - 3 potions of curing
 i - a potion of resistance
 l - a potion of magic
 n - a potion of cure mutation {!q}
 q - a potion of haste {unknown}
 t - a potion of heal wounds {unknown}
Books
 c - a book of Maledictions

   Spells                             Type                      Level
   *Corona                            Hexes                        1
   Sure Blade                         Hexes/Charms                 2
   *Ensorcelled Hibernation           Hexes/Ice                    2
   Confuse                            Hexes                        3
   Dazzling Spray                     Conjuration/Hexes            3
   Enslavement                        Hexes                        4


   Skills:
 + Level 4.0 Short Blades
 - Level 0.7 Throwing
 - Level 2.1 Dodging
 + Level 6.1 Stealth
 - Level 2.0 Spellcasting
 * Level 8.7 Hexes


You had 6 spell levels left.
You knew the following spells:

 Your Spells              Type           Power        Failure   Level  Hunger
a - Corona                Hex            ####...      1%          1    #......
d - Ensorcelled Hibernat  Hex/Ice        ###...       2%          2    ###....


Dungeon Overview and Level Annotations

Branches:
Dungeon (4/15)
 Temple: D:4-7

Altars:
Ashenzari

Annotations:
D:4 Dowan, Duvessa


Innate Abilities, Weirdness & Mutations

You do not heal naturally.
You can bottle blood from corpses.
You have razor-sharp teeth.*
You have supernaturally acute eyesight.
You can survive without breathing.*


Message History

Aim: Duvessa, wielding a short sword Duvessa easily resists.
You block the adder's attack. Dowan hits you with a dagger of venom.
* * * LOW HITPOINT WARNING * * *
You block Duvessa's attack.
Casting: Ensorcelled Hibernation
Confirm with . or Enter, or press ? or * to list all spells.
Aiming: Ensorcelled Hibernation
Press: ? - help, Shift-Dir - straight line, f/p - Duvessa
Aim: Duvessa, wielding a short sword Duvessa looks drowsy...
* * * LOW MAGIC WARNING * * *
The adder bites you.
* * * LOW HITPOINT WARNING * * *
You block the gnoll skeleton's attack.
Dowan points at you and mumbles some strange words.
The puff of frost hits you! You resist.
* * * LOW HITPOINT WARNING * * *
The adder bites you.
You die...

.........### ##
...........# ...
.....%.....# ###....
..).....%<.#####.......
........%).............)
........................
.....%..................
............!...S........
........[.......@e.......
............##.eZ....#...
............##.......#
..%................###
.......#...........#
.......####...>..###
.......# ########
.....### .....#


You could see Duvessa (sleeping), Dowan, an adder and a gnoll skeleton.

Vanquished Creatures
  2 ogres (D:4)
  A giant frog (D:4)
  A scorpion (D:4)
  Crazy Yiuf (D:3)
  An orc wizard (D:4)
  3 adders (D:2)
  3 gnolls (D:3)
  2 giant mites
  2 worms
  An iguana skeleton (D:4)
  A giant eyeball (D:4)
  2 giant geckos
  An ooze (D:1)
  13 orcs
  3 giant cockroaches
  8 goblins
  2 hobgoblins
  4 kobolds
  2 quokkas (D:3)
  8 bats
  4 giant newts
  3 rats
  2 rat skeletons (D:4)
70 creatures vanquished.

Notes
Turn   | Place    | Note
--------------------------------------------------------------
     0 | D:1      | PolkaDot, the Vampire Enchanter, began the quest for the Orb.
     0 | D:1      | Reached XP level 1. HP: 13/13 MP: 3/3
   563 | D:1      | Reached XP level 2. HP: 19/19 MP: 1/4
   676 | D:1      | Learned a level 2 spell: Ensorcelled Hibernation
   801 | D:1      | Reached skill level 5 in Hexes
  1105 | D:2      | Reached XP level 3. HP: 24/24 MP: 3/6
  1807 | D:3      | Reached XP level 4. HP: 30/30 MP: 4/7
  1810 | D:3      | Reached skill level 6 in Hexes
  2041 | D:3      | Found a shattered altar of Ashenzari.
  2049 | D:3      | Became a worshipper of Ashenzari the Shackled
  2344 | D:3      | Noticed Crazy Yiuf
  2385 | D:3      | Killed Crazy Yiuf
  2385 | D:3      | Reached XP level 5. HP: 35/35 MP: 6/9
  2620 | D:4      | Reached skill level 7 in Hexes
  2624 | D:4      | Reached skill level 5 in Stealth
  2753 | D:4      | Noticed an ogre
  2754 | D:4      | Paralysed by a giant eyeball for 3 turns
  2761 | D:4      | Paralysed by a giant eyeball for 4 turns
  2773 | D:4      | Reached XP level 6. HP: 30/41 MP: 3/10
  2874 | D:4      | Paralysed by a giant eyeball for 2 turns
  2880 | D:4      | Paralysed by a giant eyeball for 4 turns
  2927 | D:4      | Killed an ogre
  2927 | D:4      | Reached skill level 8 in Hexes
  2969 | D:4      | Noticed an ogre
  2975 | D:4      | Killed an ogre
  3024 | D:4      | Got the uncursed buckler of Ydeutof {+Blink MR++ Dex+1 Acc-3}
  3028 | D:4      | Identified the +2 buckler of Ydeutof {+Blink MR++ Dex+1 Acc-3} (You found it on level 4 of the Dungeon)
  3074 | D:4      | Noticed Dowan
  3075 | D:4      | Noticed Duvessa
  3084 | D:4      | HP: 1/41 [Dowan/puff of frost (4)]
  3084 | D:4      | Slain by an adder

Action                   |  1- 3 |  4- 6 || total
-------------------------+-------+-------++-------
Melee: Dagger            |    91 |   119 ||   210
Throw: Dart              |     9 |       ||     9
 Cast: Corona            |    10 |       ||    10
       Ensorcelled Hiber |    10 |    33 ||    43
  Use: Scroll            |       |     9 ||     9
 Stab: Sleeping          |     8 |    28 ||    36
